 Dungeon Crawl Stone Soup version 0.31-a0-149-g3fdcc5976a (webtiles) character file.

Game seed: 4258330151287159503

1593281 iguanaiguana the Metallomancer (level 27, 201/201 HPs)
             Began as an Octopode Transmuter on June 3, 2023.
             Was the Champion of Vehumet.
             Escaped with the Orb
             ... and 3 runes on June 8, 2023!
             The game lasted 05:06:46 (77636 turns).

iguanaiguana the Metallomancer (OpTm)              Turns: 77636, Time: 05:06:46

Health: 201/201    AC:  7    Str:  7    XL:     27
Magic:  8/43       EV: 28    Int: 46    God:    Vehumet [******]
Gold:   3713       SH: 24    Dex: 16    Spells: 1/59 levels left

rFire   + +          .
                       - Unarmed
rCold   . . .        E - +5 kite shield {rC+}
rNeg    . . .        z - +2 hat {SInv}
rPois   +            w - amulet "Peceeghi" {Reflect +Blink rCorr Int+4 Dex+2 SH+5}
rElec   +            e - ring of Gaaxiax {Fire +Blink rCorr Stlth+}
rCorr   +            u - ring "Boras" {rF+ Will++}
SInv    +            x - ring of Uchyegh {rElec rPois Str-5 Int+6 SInv}
Will    ++++.        P - +6 ring of dexterity
Stlth   +++          X - ring "Qeshrifi" {rCorr EV+5 Int+4 Dex-3}
HPRegen 0.53/turn    W - +4 ring of protection
MPRegen 0.28/turn    M - +5 ring of evasion
                     t - ring "Ohuel" {rPois Int+6 SInv}

%: reflection
@: studying 2 skills
A: almost no armour, amphibious, 8 rings, camouflage 1, gelatinous body 1,
(nimble swimmer 1), tentacles, clumsy 1, MP-powered wands
0: Orb of Zot
}: 3/15 runes: serpentine, barnacled, silver
a: Renounce Religion, Evoke Blink


You escaped.
You worshipped Vehumet.
Vehumet was exalted by your worship.
You visited 10 branches of the dungeon, and saw 50 of its levels.
You also visited: Gauntlet, Ice Cave, Wizlab and Desolation.

You collected 9810 gold pieces.
You spent 6097 gold pieces at shops.

Inventory:

Missiles
 L - 2 throwing nets
 S - 20 silver javelins
Armour
 z - a +2 hat of see invisible (worn)
 E - a +5 kite shield of cold resistance (worn)
Magical Staves
 a - the staff of earth "Mojato" {rC+}
   (You found it on level 3 of the Elven Halls)

   [staff of earth]

   Base accuracy: +5 Base damage: 5 Base attack delay: 1.2 This weapon's minimum
   attack delay (0.6) is reached at skill level 12.
   rC:        It protects you from cold.
   It falls into the 'Staves' category.
   It is a one-tentacled weapon.
 p - the staff of earth "Farhanem" {rPois rF+ Dex+2}
   (You found it on level 5 of the Vaults)

   [staff of earth]

   Base accuracy: +5 Base damage: 5 Base attack delay: 1.2 This weapon's minimum
   attack delay (0.6) is reached at skill level 12.
   Dex:       It affects your dexterity (+2).
   rF:        It protects you from fire.
   rPois:     It protects you from poison.
   It falls into the 'Staves' category.
   It is a one-tentacled weapon.
 r - the staff of earth "Gaoridwu" {Will+ Str+4 Dex+3 Stlth+}
   (You found it on level 5 of the Vaults)

   [staff of earth]

   Base accuracy: +5 Base damage: 5 Base attack delay: 1.2 This weapon's minimum
   attack delay (0.6) is reached at skill level 12.
   Str:       It affects your strength (+4).
   Dex:       It affects your dexterity (+3).
   Will:      It increases your willpower.
   Stlth:     It makes you more stealthy.
   It falls into the 'Staves' category.
   It is a one-tentacled weapon.
Jewellery
 c - a ring of protection from fire
 d - an amulet of magic regeneration
 e - the ring of Gaaxiax (left tentacle) {Fire +Blink rCorr Stlth+}
   (You bought it in a shop on level 1 of the Snake Pit)

   [ring of fire]

   It enhances your fire magic.
   rF:        It protects you from fire.
   rC:        It makes you vulnerable to cold.
   +Blink:    It lets you blink.
   rCorr:     It protects you from acid and corrosion.
   Stlth:     It makes you more stealthy.
 t - the ring "Ohuel" (on tentacle) {rPois Int+6 SInv}
   (You bought it in a shop on level 1 of the Snake Pit)

   [ring of intelligence]

   Int:       It affects your intelligence (+6).
   rPois:     It protects you from poison.
   SInv:      It lets you see invisible.
 u - the ring "Boras" (right tentacle) {rF+ Will++}
   (You bought it in a shop on level 1 of the Snake Pit)

   [ring of protection from fire]

   rF:        It protects you from fire.
   Will:      It greatly increases your willpower.
 w - the amulet "Peceeghi" (around mantle) {Reflect +Blink rCorr Int+4 Dex+2 SH+5}
   (You found it on level 5 of the Lair of Beasts)

   [amulet of reflection]

   It reflects blocked missile attacks.
   Int:       It affects your intelligence (+4).
   Dex:       It affects your dexterity (+2).
   +Blink:    It lets you blink.
   rCorr:     It protects you from acid and corrosion.
   SH:        It affects your SH (+5).
 x - the ring of Uchyegh (on tentacle) {rElec rPois Str-5 Int+6 SInv}
   (You bought it in a shop on level 4 of the Vaults)

   [ring of intelligence]

   Str:       It affects your strength (-5).
   Int:       It affects your intelligence (+6).
   rElec:     It insulates you from electricity.
   rPois:     It protects you from poison.
   SInv:      It lets you see invisible.
 y - a ring of protection from cold
 M - a +5 ring of evasion (on tentacle)
 P - a +6 ring of dexterity (on tentacle)
 W - a +4 ring of protection (on tentacle)
 X - the ring "Qeshrifi" (on tentacle) {rCorr EV+5 Int+4 Dex-3}
   (You found it on level 3 of the Crypt)

   [ring of evasion]

   EV:        It affects your evasion (+5).
   Int:       It affects your intelligence (+4).
   Dex:       It affects your dexterity (-3).
   rCorr:     It protects you from acid and corrosion.
Wands
 f - a wand of digging (16) {@v3}
 s - a wand of mindburst (43)
 K - a wand of charming (58)
 O - a wand of iceblast (47) {@v2}
 R - a wand of light (37)
Scrolls
 b - a scroll of magic mapping {@r5}
 i - 12 scrolls of fog
 k - 11 scrolls of teleportation {@r3}
 m - 5 scrolls of vulnerability
 n - 5 scrolls of torment
 o - 6 scrolls of butterflies
 q - 5 scrolls of fear
 v - 4 scrolls of blinking {@r4}
 T - 9 scrolls of immolation
 V - 5 scrolls of poison
Potions
 h - 17 potions of curing {@q1}
 j - 13 potions of heal wounds {@q2}
 l - 4 potions of brilliance
 A - 4 potions of ambrosia
 B - 5 potions of resistance {@q5}
 C - 4 potions of magic
 D - 5 potions of might {@q3}
 F - 12 potions of invisibility
 G - 4 potions of haste {@q4}
 H - 9 potions of enlightenment
 N - 7 potions of mutation
 Q - 3 potions of cancellation
 U - 10 potions of lignification
Miscellaneous
 g - a condenser vane
 I - a lightning rod (4/4)
 J - a phantom mirror
 Y - a phial of floods
 Z - a sack of spiders


   Skills:
 - Level 20.0 Fighting
 - Level 12.0 Dodging
 - Level 14.0 Stealth
 - Level 15.0 Shields
 + Level 23.1 Unarmed Combat
 - Level 16.5 Spellcasting
 - Level 10.0 Conjurations
 - Level 6.0 Translocations
 - Level 8.0 Transmutations
 - Level 10.0 Fire Magic
 - Level 3.0 Air Magic
 - Level 24.0 Earth Magic
 - Level 8.1 Poison Magic
 - Level 12.0 Evocations


You had one spell level left.
You knew the following spells:

 Your Spells              Type           Power      Damage    Failure   Level
a - Leda's Unmaking       Conj/Erth      57%        9d9       1%          6
b - Iskenderun's Mystic   Conj/Tloc      84%        2d17      1%          4
c - Shatter               Erth           65%        3d48*     2%          9
d - Irradiate             Conj/Tmut      44%        3d26      1%          5
e - Starburst             Conj/Fire      57%        6d15      1%          6
f - Lee's Rapid Deconstr  Erth           65%        3d30*     0%          5
g - Lehudib's Crystal Sp  Conj/Erth      57%        10d13     2%          8
h - Beastly Appendage     Tmut           100%       N/A       1%          1
i - Blink                 Tloc           100%       N/A       1%          2
j - Statue Form           Tmut/Erth      74%        N/A       1%          6
k - Borgnjor's Vile Clut  Necr/Erth      49%        N/A       1%          5
l - Foxfire               Conj/Fire      100%       2x1d9     1%          1

Your spell library contained the following spells:

 Spells                   Type           Power      Damage    Failure   Level
 Fire Storm               Conj/Fire      57%        8d14      99%         9
 Chain Lightning          Conj/Air       39%        3d52      100%        9
 Sandblast                Erth           100%       2d20      0%          1
 Freeze                   Ice            100%       1d10      1%          1
 Kiss of Death            Conj/Necr      100%       2d13      1%          1
 Necrotise                Necr           100%       1d9       1%          1
 Sting                    Tmut/Pois      100%       1d8       1%          1
 Passwall                 Tmut/Erth      92%        N/A       0%          2
 Stone Arrow              Conj/Erth      100%       3d13      0%          3
 Cigotuvi's Dreadful Rot  Necr/Pois/Air  100%       N/A       1%          2
 Lesser Beckoning         Tloc           100%       N/A       1%          2
 Momentum Strike          Conj/Tloc      100%       3d10      1%          2
 Poisonous Vapours        Pois/Air       100%       N/A       1%          2
 Scorch                   Fire           100%       2d9       1%          2
 Static Discharge         Conj/Air       100%       2-7/arc   1%          2
 Wereblood                Tmut           84%        N/A       1%          2
 Dazzling Flash           Conj/Hex       100%       N/A       1%          3
 Frozen Ramparts          Ice            74%        1d12      1%          3
 Gell's Gravitas          Tloc           75%        N/A       1%          3
 Hailstorm                Conj/Ice       71%        3d15      1%          3
 Ignite Poison            Fire/Tmut/Pois 100%       N/A       1%          3
 Inner Flame              Hex/Fire       90%        N/A       1%          3
 Portal Projectile        Hex/Tloc       100%       N/A       1%          3
 Spider Form              Tmut/Pois      84%        N/A       1%          3
 Swiftness                Air            60%        N/A       1%          3
 Teleport Other           Tloc           75%        N/A       1%          3
 Vhi's Electric Charge    Tloc/Air       100%       N/A       1%          3
 Volatile Blastmotes      Fire/Tloc      100%       2d18      1%          3
 Flame Wave               Conj/Fire      100%       2d21      1%          4
 Leda's Liquefaction      Hex/Erth       49%        N/A       1%          4
 Manifold Assault         Tloc           75%        N/A       1%          4
 Olgreb's Toxic Radiance  Pois           85%        N/A       1%          4
 Passage of Golubria      Tloc           75%        N/A       1%          4
 Petrify                  Tmut/Erth      100%       N/A       1%          4
 Sticky Flame             Conj/Fire      100%       2d11      1%          4
 Alistair's Intoxication  Tmut/Pois      56%        N/A       1%          5
 Arcjolt                  Conj/Air       39%        1d49      1%          5
 Blade Hands              Tmut           42%        N/A       1%          5
 Iskenderun's Battlesphe  Conj           92%        2d14      1%          5
 Call Imp                 Summ           74%        N/A       2%          2
 Ensorcelled Hibernation  Hex/Ice        74%        N/A       2%          2
 Freezing Cloud           Conj/Ice/Air   33%        6-21      2%          5
 Yara's Violent Unravell  Hex/Tmut       32%        3d13      2%          5
 Eringya's Noxious Bog    Tmut/Pois      42%        N/A       2%          6
 Ice Form                 Ice/Tmut       65%        N/A       3%          4
 Ozocubu's Armour         Ice            37%        N/A       4%          3
 Vampiric Draining        Necr           37%        2d8       4%          3
 Plasma Beam              Fire/Air       49%        2x1d63    4%          6
 Summon Lightning Spire   Summ/Air       51%        N/A       9%          4
 Anguish                  Hex/Necr       18%        N/A       16%         4
 Animate Dead             Necr           37%        N/A       16%         4
 Dispel Undead            Necr           37%        3d15      16%         4
 Summon Ice Beast         Ice/Summ       37%        N/A       16%         4
 Dispersal                Tloc           37%        N/A       21%         6
 Silence                  Hex/Air        25%        N/A       24%         5
 Spellforged Servitor     Conj/Summ      35%        N/A       38%         7
 Agony                    Necr           37%        N/A       41%         5
 Metabolic Englaciation   Hex/Ice        18%        N/A       41%         5
 Summon Mana Viper        Hex/Summ       37%        N/A       41%         5
 Dragon Form              Tmut           42%        N/A       45%         7
 Storm Form               Tmut/Air       36%        N/A       80%         7
 Death Channel            Necr           18%        N/A       94%         6
 Simulacrum               Ice/Necr       18%        N/A       94%         6
 Summon Cactus Giant      Summ           18%        N/A       94%         6
 Ozocubu's Refrigeration  Ice            18%        4d11      95%         7
 Malign Gateway           Summ/Tloc      30%        N/A       98%         7
 Maxwell's Capacitive Co  Air            30%        ∞         99%         8
 Enfeeble                 Hex            18%        N/A       100%        7
 Haunt                    Necr/Summ      18%        N/A       100%        7
 Monstrous Menagerie      Summ           18%        N/A       100%        7
 Disjunction              Tloc           37%        N/A       100%        8
 Infestation              Necr           18%        N/A       100%        8
 Summon Horrible Things   Summ           18%        N/A       100%        8
 Dragon's Call            Summ           18%        N/A       100%        9
 Polar Vortex             Ice            18%        N/A       100%        9


Dungeon Overview and Level Annotations

Branches:
Dungeon (15/15)            Temple (0/1) D:7            Lair (5/5) D:11
 Shoals (4/4) Lair:2        Snake (4/4) Lair:2        Slime (0/5) Lair:5
    Orc (2/2) D:12            Elf (3/3) Orc:2        Vaults (5/5) D:14
  Crypt (3/3) Vaults:3       Tomb (0/3) Crypt:3      Depths (4/4) D:15
    Zot (5/5) Depths:4      IceCv (visited)          WizLab (visited)
Desolation (visited)      Gauntlet (visited)

Altars:
Cheibriados
Fedhas
Kikubaaqudgha
Qazlal
Ru
Sif Muna
Vehumet
Wu Jian
Yredelemnul
Zin
The Shining One

Shops:
D:8 [   D:11 *   Orc:2 (!*[   Elf:1 :   Elf:2 (   Elf:3 [[!([*   Shoals:2 (
Shoals:3 *   Snake:1 ([(=   Snake:2 (?!   Snake:4 [   Vaults:3 *   Vaults:4 =
Vaults:5 *   Depths:3 =

Portals:
Hell: Depths:1 Depths:2 Depths:3 Depths:4
Abyss: Depths:1 Depths:2 Depths:3
Pandemonium: Depths:2 Depths:4
Ziggurat: Depths:1
Trove: Elf:1 (give 18 scrolls of teleportation)

Annotations:
D:3 1 runed translucent door, exclusion: door, Crazy Yiuf
D:5 exclusion: water moccasin
D:6 exclusions: adder, bullfrog and centaur
D:8 Gastronok
D:12 3 runed translucent doors, exclusion: 3 doors, ZoeForever1's ghost, journeyman DEAE
Lair:1 exclusion: downstairs
Lair:3 1 runed translucent door, exclusion: door, Lioraxon's ghost, journeyman OpWn
Lair:5 1 exclusion
Shoals:2 exclusion: downstairs
Elf:1 1 exclusion
Crypt:2 2 transporters
Zot:5 4 transporters


Innate Abilities, Weirdness & Mutations

You cannot wear most types of armour.
You are amphibious.
You can wear up to eight rings at the same time.
Your skin changes colour to match your surroundings (Stealth+).
Your rubbery body absorbs attacks. (AC +1, EV +1)
((You are camouflaged when in or above water. (Stealth+)))
You have tentacles for arms and can constrict up to eight enemies at once.
You are clumsy. (Dex -2)
You expend magic power (3 MP) to strengthen your wands.


Message History

You climb upwards.
Level annotation: exclusion: water moccasin
There is a stone staircase leading down here.
There is a stone staircase leading up here.
You climb upwards.
There is a stone staircase leading down here.
You feel much better.
Okay, then.
There is a stone staircase leading up here.
You climb upwards.
Level annotation: 1 runed translucent door, exclusion: door, Crazy Yiuf
There is a stone staircase leading down here.
There is a stone staircase leading up here.
You climb upwards.
There is a stone staircase leading down here.
Magic restored.
There is a stone staircase leading up here.
You climb upwards.
There is a stone staircase leading down here.
There is a staircase leading out of the dungeon here.
Casting: Borgnjor's Vile Clutch (mildly dangerous; 1% risk of failure)
Confirm with . or Enter, or press ? or * to list all spells.
The dungeon rumbles!
A door shatters! x2
Ka-crash!
Casting: Shatter (dangerous; 2% risk of failure)
Confirm with . or Enter, or press ? or * to list all spells.
The dungeon rumbles!
Ka-crash!
Casting: Shatter (dangerous; 2% risk of failure)
Confirm with . or Enter, or press ? or * to list all spells.
The dungeon rumbles!
A door shatters!
Ka-crash!
Casting: Shatter (dangerous; 2% risk of failure)
Confirm with . or Enter, or press ? or * to list all spells.
The dungeon rumbles!
Ka-crash!
Casting: Shatter (dangerous; 2% risk of failure)
Confirm with . or Enter, or press ? or * to list all spells.
You don't have enough magic to cast this spell.
You have escaped!

#.# ###.#########.#######.... #.#
#............... ##### ###.#
##..#####......# #.... ..#.#
#..##..#.....#. #.... ....#
...............#####....
..#######...###.............'....
..####.......#.#......#.#####....
.......###.............# #....
...########.....@....###### #####
...# ##...................## ##.#
#...⌠.......##....⌠...#
##.###........#...#........#
.....#............'........#
###..####..#.#.....###..#########
.................................
.....#.##.###.#..#...#########.##
.....#...............# #.#


There were no monsters in sight!

Vanquished Creatures
  2 dread liches
  Tiamat (Zot:3)
  3 orbs of fire
  Mara (Depths:1)
  3 ancient liches
  A juggernaut (Depths:4)
  Frederick (Crypt:1)
  Bai Suzhen (Crypt:2)
  7 Killer Klowns (Zot:5)
  Boris (twice) (Crypt:1 Crypt:3)
  Vashnia (Snake:3)
  2 curse toes (Crypt:3)
  Xtahua (Vaults:5)
  6 golden dragons
  Nikola (Elf:3)
  2 electric golems (Zot:5)
  A bone dragon (Depths:4)
  A shard shrike skeleton (Crypt:2)
  5 tentacled monstrosities
  5 liches
  2 deep elf blademasters
  7 titans (Vaults:5)
  26 Orb Guardians
  4 deep elf master archers
  5 quicksilver dragons
  2 Executioners
  A death cob (Zot:2)
  3 krakens
  Polyphemus (Shoals:3)
  14 ancient champions
  13 storm dragons
  7 sphinxes
  5 tengu reavers
  Kirke (Snake:3)
  6 shadow dragons
  Ilsuiw (Shoals:3)
  2 revenants (Crypt:2)
  5 draconian monks
  6 nagarajas
  Donald (Crypt:1)
  9 frost giants
  14 vault wardens
  7 draconian knights
  10 fire giants
  An iron dragon (Vaults:5)
  Aizul (Snake:1)
  5 draconian scorchers
  Louise (Snake:1)
  11 draconian shifters
  2 curse skulls
  11 deep elf sorcerers
  4 spectral caustic shrikes (Depths:4)
  An imperial myrmidon (Desolation)
  2 balrugs
  A ghost moth (Zot:5)
  A cacodemon (Zot:5)
  An orc warlord (Orc:2)
  2 draconian stormcallers
  A spriggan defender (Depths:2)
  5 demonspawn corrupters (WizLab)
  18 ironbound preservers
  4 war gargoyles
  A broodmother (shapeshifter) (D:15)
  6 reapers
  5 deep elf elementalists
  2 formless jellyfish (Vaults:2)
  17 ghouls
  13 very ugly things
  10 draconian annihilators
  7 ironbound thunderhulks
  12 vampire knights
  12 stone giants
  9 green draconians
  9 black draconians
  3 deep elf demonologists
  7 red draconians
  A minotaur (shapeshifter) (D:15)
  4 halazid warlocks (Desolation)
  9 purple draconians
  8 deep elf annihilators (Elf:3)
  14 dire elephants
  4 spark wasps (Depths:1)
  9 yellow draconians
  A dire elephant (shapeshifter) (D:15)
  A minotaur (Gauntlet)
  16 white draconians
  11 ettins
  2 eidola
  9 crystal guardians
  6 deep elf death magi
  6 great orbs of eyes
  8 merfolk impalers
  13 fire dragons
  11 deep elf high priests
  2 mummy priests (Crypt:3)
  17 yaktaur captains
  8 merfolk javelineers
  14 jiangshi
  4 entropy weavers
  7 ragged hierophants (Desolation)
  A spriggan zombie (Crypt:3)
  11 ice dragons
  4 rakshasas
  28 vault guards
  3 hydras
  2 salamander tyrants
  6 peacekeepers
  A quicksilver dragon skeleton (Crypt:3)
  Erica (Orc:1)
  5 ogre magi
  4 caustic shrike simulacra (IceCv)
  A fenstrider witch skeleton (Crypt:3)
  6 merfolk avatars
  19 centaur warriors
  10 ironbound frosthearts
  A death knight (Crypt:3)
  A servant of whispers (Desolation)
  2 satyrs (Shoals:4)
  10 anacondas
  2 spriggan air magi
  4 alligator snapping turtles
  33 dancing weapons
  A catoblepas (Shoals:3)
  13 naga warriors
  13 boulder beetles
  5 merfolk aquamancers
  5 tengu warriors
  2 death yaks (Shoals:3)
  A boulder beetle (shapeshifter) (D:15)
  2 bennu skeletons
  5 vampire magi
  5 two-headed ogres (Vaults:5)
  12 deep troll shamans
  3 hell hogs (Depths:1)
  7 shock serpents
  A death yak (shapeshifter) (Vaults:2)
  An orc high priest (Orc:2)
  7 deep troll earth magi
  2 spriggan berserkers (Depths:1)
  14 hell knights
  6 skysharks
  14 deep elf knights
  2 sun demons (Depths:1)
  16 naga sharpshooters
  2 spriggans (Depths:1)
  5 soul eaters
  7 iron trolls
  Amaemon (Lair:3)
  3 shadow wraiths
  2 salamander mystics (Snake:4)
  A fire crab (D:15)
  2 sixfirhies
  A swamp dragon (shapeshifter) (WizLab)
  A shadow demon (Zot:5)
  23 skeletal warriors
  A glowing orange brain (Depths:1)
  A spriggan druid (Elf:3)
  11 sea snakes
  44 deep trolls
  A goliath frog (shapeshifter) (Vaults:5)
  An orb spider (shapeshifter) (Depths:3)
  An orange crystal statue (D:13)
  3 obsidian statues
  7 naga ritualists
  8 flayed ghosts
  3 bog bodies
  14 deep elf archers
  A sphinx zombie (Crypt:2)
  A wolf spider zombie (Crypt:1)
  13 wizards
  24 ironbound convokers
  7 lindwurms
  9 harpies
  37 deep elf pyromancers
  26 deep elf zephyrmancers
  A bunyip skeleton (Crypt:3)
  15 orc knights
  A large abomination (D:7)
  13 phantasmal warriors
  8 mana vipers
  4 necromancers
  3 oklob plants
  2 salamanders (shapeshifter) (D:15)
  A human zombie (Vaults:1)
  22 ugly things
  2 stone giant zombies (Vaults:1)
  3 worldbinders (WizLab)
  3 orc sorcerers
  A fire giant zombie (Crypt:3)
  12 moths of wrath
  A moth of wrath (shapeshifter) (Vaults:4)
  A faun (shapeshifter) (Vaults:5)
  A cyclops (shapeshifter) (D:15)
  13 elephants
  18 manticores
  14 salamanders
  20 fauns
  14 guardian serpents
  A guardian serpent (shapeshifter) (Vaults:4)
  5 water nymphs
  12 cyclopes
  18 naga magi
  23 black mambas
  13 vault sentinels
  Maurice (D:11)
  9 merfolk sirens
  2 orange demons
  4 smoke demons
  A hellion (Depths:2)
  3 gargoyles
  8 cane toads
  Psyche (D:11)
  2 centaur skeletons (D:14)
  A kobold demonologist (D:14)
  An alligator snapping turtle zombie (Crypt:3)
  2 yaktaur zombies
  3 efreet
  A white draconian zombie (Crypt:2)
  3 komodo dragons
  10 rime drakes
  A tormentor (D:7)
  11 freezing wraiths
  An unseen horror (D:7)
  2 tengu conjurers
  A pale draconian skeleton (Crypt:1)
  A yaktaur skeleton (Vaults:1)
  41 yaktaurs
  An anaconda simulacrum (IceCv)
  A meliai (shapeshifter) (Vaults:5)
  3 guardian mummies
  3 golden dragon simulacra (IceCv)
  9 trolls
  2 hellwings
  A mana viper zombie (Crypt:3)
  3 polar bears
  37 merfolk
  A wolf spider simulacrum (D:15)
  A tarantella zombie (Crypt:1)
  5 wind drakes
  5 hornets
  A raiju (shapeshifter) (D:12)
  An ice dragon zombie (Crypt:3)
  2 tarantellas (Vaults:1)
  46 saltlings
  16 blink frogs
  16 snapping turtles
  6 dream sheep
  A harpy skeleton (D:14)
  9 flying skulls
  A jumping spider (Vaults:3)
  A shadow (D:12)
  22 slime creatures
  3 air elementals
  A centaur simulacrum (D:15)
  An alligator skeleton (Crypt:1)
  2 ynoxinuls
  22 water elementals
  8 wyverns
  Eustachio (D:3)
  A fire elemental (Elf:3)
  A black mamba skeleton (Crypt:2)
  8 wraiths
  3 basilisks
  71 yaks
  A yak (shapeshifter) (D:14)
  3 ushabtiu (Crypt:3)
  7 hogs (Snake:3)
  5 steam dragons
  A dire elephant simulacrum (IceCv)
  3 redbacks (Vaults:2)
  Grum (D:11)
  A chaos spawn (Depths:4)
  5 golden eyes (D:10)
  2 minotaur simulacra (IceCv)
  An elf skeleton (Vaults:1)
  2 wargs
  2 harpy simulacra
  7 vampire mosquitoes
  A faun zombie (Crypt:2)
  41 nagas
  3 acid dragons
  A naga zombie (Crypt:3)
  4 hydra simulacra
  A cane toad zombie (Crypt:2)
  14 water moccasins
  4 hell hounds (D:11)
  3 black bears
  19 orc warriors
  A water nymph skeleton (Crypt:2)
  20 ogres
  A black mamba simulacrum (Crypt:1)
  4 boggarts
  19 wolves
  14 centaurs
  A small abomination (Gauntlet)
  A phantom (D:6)
  3 kobold brigands
  8 bullfrogs
  2 scorpions (D:7)
  6 earth elementals
  5 human skeletons
  A deep troll simulacrum (IceCv)
  6 jellies
  23 killer bees
  A queen bee zombie (Crypt:3)
  A spriggan skeleton (Crypt:1)
  A lava snake (D:8)
  A gnoll bouda (Lair:5)
  2 hounds
  A bullfrog skeleton (Crypt:1)
  11 orc priests
  3 iguanas
  Natasha (thrice) (D:3)
  15 orc wizards
  4 hell rats (Lair:5)
  A boggart skeleton (D:14)
  An ice beast zombie (Crypt:2)
  A boggart simulacrum (D:15)
  A howler monkey zombie (Crypt:1)
  4 adders
  A shadow imp (D:8)
  2 white imps (D:7)
  An ufetubus (D:7)
  3 worms
  3 dart slugs (D:1)
  57 orcs
  3 bats
  3 endoplasms
  2 giant cockroaches
  4 hobgoblins
  5 jackals
  3 quokkas
  4 ball pythons
  3 frilled lizards
  5 goblins
  11 kobolds
  4 rats
  A rat zombie (Crypt:3)
  A river rat skeleton (Crypt:1)
  A foxfire (Shoals:1)
  7 tentacles
2215 creatures vanquished.

Vanquished Creatures (collateral kills)
  5 dream sheep (Lair:4)
  12 foxfires
17 creatures vanquished.

Vanquished Creatures (others)
  A draconian knight (Depths:4)
  2 merfolk aquamancers
  A naga sharpshooter (Snake:4)
  A deep elf knight (Elf:3)
  A wizard (Vaults:1)
  2 deep elf zephyrmancers
  A cane toad (Lair:4)
  905 foxfires
  13 tentacles
927 creatures vanquished.

Grand Total: 3159 creatures vanquished

Notes
Turn   | Place    | Note
-------+----------+-------------------------------------------
     0 | D:1      | iguanaiguana the Octopode Transmuter began the quest for
                  | the Orb.
     0 | D:1      | Reached XP level 1. HP: 13/13 MP: 3/3
    57 | D:1      | Reached skill level 1 in Stealth
   345 | D:1      | Reached XP level 2. HP: 18/18 MP: 3/5
   481 | D:1      | Learned a level 2 spell: Wereblood
   748 | D:1      | Reached XP level 3. HP: 24/24 MP: 6/6
   752 | D:1      | Learned a level 3 spell: Spider Form
  1419 | D:2      | Found a radiant altar of Vehumet.
  1427 | D:2      | Became a worshipper of Vehumet
  1742 | D:2      | Reached skill level 1 in Poison Magic
  1934 | D:2      | Found a faded altar of an unknown god.
  2365 | D:3      | Noticed Natasha
  2416 | D:3      | Killed Natasha
  2417 | D:3      | Reached XP level 4. HP: 18/29 MP: 5/7
  2680 | D:3      | Identified the +0 chain mail "Gaipsib" {MP+9 Str-4 Int+6}
  3063 | D:3      | Noticed Natasha
  3079 | D:3      | Killed Natasha
  3094 | D:3      | Found a runed translucent door.
  3095 | D:3      | Noticed Crazy Yiuf
  3253 | D:3      | Noticed Natasha
  3273 | D:3      | Killed Natasha
  3274 | D:3      | Reached XP level 5. HP: 33/34 MP: 8/8
  3341 | D:4      | Identified 2 scrolls of acquirement
  3341 | D:4      | Acquired the +0 buckler of the Heron {rF+ Will+ Str+6}
  3343 | D:4      | Acquired 585 gold pieces
  3438 | D:4      | Noticed Eustachio
  3438 | D:4      | Noticed a black bear
  3714 | D:4      | Reached * piety under Vehumet
  3714 | D:4      | Offered knowledge of Foxfire by Vehumet.
  3715 | D:4      | Reached skill level 1 in Shields
  3717 | D:4      | Learned a level 1 spell: Foxfire
  3822 | D:4      | Noticed an ogre
  4107 | D:5      | Entered Level 5 of the Dungeon
  4280 | D:5      | Reached skill level 1 in Conjurations
  4280 | D:5      | Reached skill level 1 in Fire Magic
  4390 | D:5      | Reached XP level 6. HP: 39/39 MP: 6/9
  4695 | D:5      | Noticed a water moccasin
  5662 | D:6      | Noticed an acid dragon
  5839 | D:6      | Noticed a black bear
  5853 | D:6      | Killed a black bear
  5854 | D:6      | Reached XP level 7. HP: 45/45 MP: 6/10
  6355 | D:3      | Killed Eustachio
  6541 | D:6      | Reached skill level 5 in Conjurations
  6706 | D:6      | Reached XP level 8. HP: 50/50 MP: 7/11
  6791 | D:6      | Found a basalt altar of Yredelemnul.
  6824 | D:6      | Found a snail-covered altar of Cheibriados.
  6930 | D:7      | Noticed an unseen horror
  7064 | D:7      | Reached skill level 1 in Translocations
  7242 | D:7      | Learned a level 4 spell: Iskenderun's Mystic Blast
  7578 | D:7      | Killed an unseen horror
  7658 | D:7      | Reached XP level 9. HP: 28/54 MP: 12/16
  7923 | D:7      | Reached skill level 5 in Translocations
  7964 | D:7      | Found a staircase to the Ecumenical Temple.
  8099 | D:8      | Found Pitz's Antique Armour Shoppe.
  8374 | D:8      | Offered knowledge of Kiss of Death by Vehumet.
  8380 | D:8      | Reached ** piety under Vehumet
  8609 | D:8      | Noticed Gastronok
  9803 | D:9      | Upgraded the game from 0.31-a0-142-g31f6795574 to
                  | 0.31-a0-145-g046c7d2549
  9816 | D:9      | Reached XP level 10. HP: 60/60 MP: 14/17
  9946 | D:9      | Reached skill level 2 in Earth Magic
  9962 | D:9      | Reached skill level 3 in Earth Magic
  9969 | D:9      | Offered knowledge of Poisonous Vapours by Vehumet.
  9973 | D:9      | Learned a level 2 spell: Poisonous Vapours
 10010 | D:9      | Reached skill level 1 in Air Magic
 10174 | D:9      | Reached skill level 5 in Poison Magic
 10174 | D:9      | Reached skill level 5 in Spellcasting
 10765 | D:9      | Found a glowing silver altar of Zin.
 10781 | D:9      | Noticed an angel
 11057 | D:10     | Entered Level 10 of the Dungeon
 11635 | D:10     | Reached XP level 11. HP: 55/64 MP: 9/22
 11926 | D:10     | Found Uzutrid's Distillery.
 11931 | D:10     | Bought a potion of invisibility for 104 gold pieces
 11931 | D:10     | Bought a potion of mutation for 104 gold pieces
 11931 | D:10     | Bought a potion of curing for 39 gold pieces
 11931 | D:10     | Bought a potion of haste for 130 gold pieces
 11931 | D:10     | Bought a potion of brilliance for 52 gold pieces
 11931 | D:10     | Bought a potion of heal wounds for 65 gold pieces
 11990 | D:10     | Found a shimmering blue altar of Sif Muna.
 12609 | D:11     | Reached *** piety under Vehumet
 12665 | D:11     | Noticed Grum
 12685 | D:11     | Killed Grum
 12744 | D:11     | Noticed an oklob plant
 12748 | D:11     | Noticed an oklob plant
 12750 | D:11     | Found a staircase to the Lair.
 12790 | D:11     | Noticed a boulder beetle
 12912 | D:11     | Noticed a cyclops
 12937 | D:11     | Killed a cyclops
 12971 | D:11     | Noticed Maurice
 12985 | D:11     | Killed Maurice
 13233 | D:11     | Noticed a cyclops
 13258 | D:11     | Killed a cyclops
 13259 | D:11     | Reached skill level 1 in Evocations
 13279 | D:11     | Found Eshus's Assorted Antiques.
 13283 | D:11     | Noticed Psyche
 13337 | D:11     | Killed Psyche
 13390 | D:11     | Offered knowledge of Sticky Flame by Vehumet.
 13398 | D:11     | Noticed a white ugly thing
 13509 | D:11     | Killed a white ugly thing
 13510 | D:11     | Reached skill level 5 in Fighting
 13536 | D:11     | Bought a scroll labelled INNADI XOAMICS for 28 gold pieces
 13536 | D:11     | Bought a scroll of identify for 56 gold pieces
 13863 | D:11     | Killed a boulder beetle
 13921 | Lair:1   | Entered Level 1 of the Lair of Beasts
 14033 | Lair:1   | Learned a level 4 spell: Sticky Flame
 14324 | Lair:1   | Reached **** piety under Vehumet
 14325 | Lair:1   | Reached XP level 12. HP: 79/79 MP: 22/24
 14536 | Lair:1   | Reached skill level 5 in Fire Magic
 14864 | Lair:1   | Offered knowledge of Fulminant Prism by Vehumet.
 15004 | Lair:2   | Noticed a five-headed hydra
 15178 | Lair:2   | Found a staircase to the Snake Pit.
 15359 | Lair:2   | You fall into a shaft and drop 1 floor!
 15368 | Lair:3   | Learned a level 6 spell: Starburst
 15538 | Lair:3   | Noticed Amaemon
 15564 | Lair:3   | Killed Amaemon
 15662 | Lair:3   | Found a gate leading to a gauntlet.
 15667 | Lair:3   | Found a runed translucent door.
 15672 | Gauntlet | Entered a Gauntlet
 15672 | Gauntlet | Found a transporter.
 15680 | Gauntlet | Found a transporter.
 15684 | Gauntlet | Found a transporter.
 15692 | Gauntlet | Found a transporter.
 15696 | Gauntlet | Found a transporter.
 15704 | Gauntlet | Found a transporter.
 15708 | Gauntlet | Found a transporter.
 15719 | Gauntlet | Found a transporter.
 15720 | Gauntlet | Found a transporter.
 15728 | Gauntlet | Found a transporter.
 15728 | Gauntlet | Noticed a catoblepas
 15759 | Gauntlet | Found a transporter.
 15763 | Gauntlet | Found a runed translucent door.
 15771 | Gauntlet | Found a transporter.
 15783 | Gauntlet | Found a transporter.
 15796 | Gauntlet | Found a transporter.
 15895 | Gauntlet | Noticed a minotaur
 15905 | Gauntlet | Killed a minotaur
 15916 | Lair:3   | Noticed Lioraxon's ghost (journeyman OpWn)
 15917 | Lair:3   | Identified the +8 trident "Impslayer" {flame, rElec Int+2
                  | Dex+3}
 16173 | Lair:3   | Reached skill level 10 in Fire Magic
 16852 | Lair:4   | Reached ***** piety under Vehumet
 16855 | Lair:4   | Reached XP level 13. HP: 58/83 MP: 13/26
 16856 | Lair:4   | Offered knowledge of Arcjolt by Vehumet.
 16857 | Lair:4   | Reached skill level 4 in Earth Magic
 16858 | Lair:4   | Reached skill level 10 in Conjurations
 16866 | Lair:4   | Reached skill level 5 in Earth Magic
 17001 | Lair:2   | Reached skill level 6 in Earth Magic
 17114 | Lair:2   | Reached skill level 7 in Earth Magic
 17163 | Lair:2   | Learned a level 6 spell: Leda's Unmaking
 17189 | Lair:2   | Found a staircase to the Shoals.
 17714 | Lair:4   | Reached skill level 8 in Earth Magic
 18194 | Lair:4   | Reached skill level 9 in Earth Magic
 18633 | Lair:5   | Entered Level 5 of the Lair of Beasts
 18746 | Lair:5   | Found a staircase to the Slime Pits.
 18889 | Lair:5   | Noticed a dire elephant
 18930 | Lair:5   | Killed a dire elephant
 18931 | Lair:5   | Reached skill level 10 in Earth Magic
 19246 | Lair:5   | Reached skill level 5 in Stealth
 19357 | Lair:5   | Found the +7 captain's cutlass {speed, disarm}
 19373 | Lair:5   | Identified the amulet "Peceeghi" {Reflect +Blink rCorr
                  | Int+4 Dex+2 SH+5}
 19534 | Lair:5   | Reached XP level 14. HP: 75/90 MP: 23/27
 19566 | Lair:5   | Reached skill level 5 in Evocations
 20919 | D:12     | Offered knowledge of Freezing Cloud by Vehumet.
 21244 | D:12     | Noticed ZoeForever1's ghost (journeyman DEAE)
 21255 | D:12     | Found a staircase to the Orcish Mines.
 21500 | D:12     | Found a runed translucent gate.
 21500 | D:12     | Found a runed translucent gate.
 21500 | D:12     | Found a runed translucent gate.
 21761 | D:12     | You fall into a shaft and drop 2 floors!
 22563 | D:14     | Paralysed by an ogre mage for 2 turns
 22571 | D:14     | Reached skill level 10 in Fighting
 22578 | D:14     | Learned a level 5 spell: Lee's Rapid Deconstruction
 22966 | D:14     | Found a gate to the Vaults.
 23412 | D:13     | Reached skill level 11 in Earth Magic
 24595 | D:13     | Identified the +1 shortbow "Lykad" {drain, rPois Str+3}
 24762 | Orc:1    | Entered Level 1 of the Orcish Mines
 24872 | Orc:1    | Offered knowledge of Irradiate by Vehumet.
 25157 | Orc:2    | Entered Level 2 of the Orcish Mines
 25235 | Orc:2    | Found a staircase to the Elven Halls.
 25827 | Orc:2    | Reached XP level 15. HP: 103/103 MP: 22/28
 26104 | Orc:2    | Reached skill level 10 in Spellcasting
 26110 | Orc:2    | Learned a level 5 spell: Irradiate
 26163 | Orc:2    | Noticed an orc warlord
 26169 | Orc:2    | Killed an orc warlord
 26233 | Orc:1    | Noticed Erica
 26375 | Orc:1    | Killed Erica
 27590 | Orc:2    | Found Teamuisa's Armour Boutique.
 27614 | Orc:2    | Reached skill level 5 in Dodging
 27710 | Orc:2    | Found Disud's Distillery.
 27712 | Orc:2    | Found Duklaag's General Store.
 27737 | Orc:2    | Found Jennyr's Weapon Emporium.
 28033 | Shoals:1 | Entered Level 1 of the Shoals
 30509 | Shoals:2 | Identified the +4 animal skin of Responsibility {Fly rElec
                  | rF-}
 30539 | Shoals:2 | Noticed a kraken
 30585 | Shoals:2 | Killed a kraken
 30753 | Shoals:2 | Found a glowing golden altar of the Shining One.
 30968 | Shoals:2 | Reached ****** piety under Vehumet
 31121 | Shoals:2 | Reached skill level 5 in Transmutations
 31217 | Shoals:2 | Found Gapsentuny's Antique Weapon Shoppe.
 31286 | Shoals:2 | Reached XP level 16. HP: 72/109 MP: 13/32
 31564 | Shoals:3 | Noticed a kraken
 31567 | Shoals:3 | Offered knowledge of Eringya's Noxious Bog by Vehumet.
 31569 | Shoals:3 | Noticed Ilsuiw
 31571 | Shoals:3 | Killed a kraken
 31582 | Shoals:2 | Learned a level 6 spell: Statue Form
 32118 | Shoals:3 | Killed Ilsuiw
 32845 | Shoals:3 | Noticed Polyphemus
 32871 | Shoals:3 | Killed Polyphemus
 33110 | Shoals:3 | Found Olariane's General Store.
 33503 | Shoals:3 | Bought the ring of Midwinter {Will+ Slay+2} for 606 gold
                  | pieces
 34109 | Shoals:4 | Entered Level 4 of the Shoals
 34722 | Shoals:4 | Got a barnacled rune of Zot
 34849 | Shoals:4 | Offered knowledge of Orb of Destruction by Vehumet.
 34976 | Shoals:4 | Reached XP level 17. HP: 123/123 MP: 25/33
 35544 | Shoals:4 | Got the Opusculum on Moving Hexing
 36063 | Shoals:4 | Noticed a kraken
 36070 | Shoals:4 | Killed a kraken
 36145 | Shoals:4 | Reached skill level 15 in Fighting
 36184 | Shoals:4 | Got Cuisos's Annotations on the Posthumous Tundra
 36592 | Snake:1  | Entered Level 1 of the Snake Pit
 36592 | Snake:1  | Noticed Louise
 36592 | Snake:1  | You fall into a shaft and drop 1 floor!
 36937 | Snake:1  | Noticed Aizul
 36937 | Snake:1  | Found Kyrghao's Antique Armour Emporium.
 36946 | Snake:1  | Killed Aizul
 37058 | Snake:1  | Killed Louise
 37183 | Shoals:3 | Bought a ring of magical power for 300 gold pieces
 37183 | Shoals:3 | Bought a scroll of teleportation for 45 gold pieces
 37183 | Shoals:3 | Bought a scroll of identify for 30 gold pieces
 37494 | Snake:1  | Found Zauh's Jewellery Boutique.
 37503 | Snake:1  | Bought the ring "Ohuel" {rPois Int+6 SInv} for 719 gold
                  | pieces
 37622 | Snake:1  | Found Alymih's Weapon Shop.
 37786 | Snake:1  | Found Onkuetoc's Weapon Shoppe.
 38030 | Snake:2  | Found Yhusom's Distillery.
 38032 | Snake:2  | Found Nanu's Magic Scroll Shoppe.
 38035 | Snake:2  | Found Odibbif's Antique Weapon Emporium.
 38040 | Snake:2  | Bought a scroll of amnesia for 60 gold pieces
 38041 | Snake:2  | Bought a scroll of identify for 30 gold pieces
 38368 | Snake:2  | Reached skill level 12 in Earth Magic
 38494 | Snake:3  | Noticed Kirke
 38501 | Snake:3  | Killed Kirke
 38619 | Snake:3  | Noticed Vashnia
 38633 | Snake:3  | Killed Vashnia
 38740 | Snake:3  | Reached skill level 13 in Earth Magic
 38782 | Snake:3  | Reached XP level 18. HP: 134/134 MP: 27/36
 39082 | Snake:1  | Bought the ring "Boras" {rF+ Will++} for 644 gold pieces
 39213 | Snake:4  | Entered Level 4 of the Snake Pit
 39393 | Snake:4  | Reached skill level 14 in Earth Magic
 39487 | Snake:4  | Offered knowledge of Plasma Beam by Vehumet.
 39592 | Snake:4  | Found Fushry's Armour Shop.
 40059 | Snake:4  | Reached skill level 15 in Earth Magic
 40380 | Snake:4  | Reached skill level 16 in Earth Magic
 40540 | Snake:4  | Got a serpentine rune of Zot
 40822 | Elf:1    | Entered Level 1 of the Elven Halls
 40909 | Elf:1    | Reached skill level 17 in Earth Magic
 41065 | Elf:1    | Found a frozen archway.
 41070 | IceCv    | Entered an ice cave
 41098 | IceCv    | Reached XP level 19. HP: 139/139 MP: 16/37
 42004 | IceCv    | Reached skill level 5 in Unarmed Combat
 42024 | IceCv    | Got the Meditations on the Glacier
 43002 | Elf:1    | Found a portal to a secret trove of treasure.
 43184 | Elf:1    | Found Zahazuf's Book Emporium.
 43589 | Elf:2    | Offered knowledge of Spellforged Servitor by Vehumet.
 44284 | Elf:2    | Reached skill level 5 in Shields
 44473 | Elf:2    | Identified the +5 spear "Murmur" {heavy, +Blink}
 44565 | Elf:2    | Found a runed translucent gate.
 44565 | Elf:2    | Found a runed translucent gate.
 44565 | Elf:2    | Found a runed translucent gate.
 44607 | Elf:2    | Found Zimoo's Antique Weapon Boutique.
 45530 | Elf:3    | Entered Level 3 of the Elven Halls
 45631 | Elf:3    | Found a magical portal.
 45652 | WizLab   | Entered Alistair's Party Mansion
 45967 | WizLab   | Reached XP level 20. HP: 145/145 MP: 21/38
 46367 | WizLab   | Got the Octavo of the Mutagenic Gift
 46371 | WizLab   | Learned a level 2 spell: Blink
 46703 | Elf:3    | Found Vitalal's Weapon Shoppe.
 46707 | Elf:3    | Found Ehouhi's Armour Shoppe.
 46707 | Elf:3    | Found Nunle's Antique Armour Emporium.
 46750 | Elf:3    | Found Goteph's Distillery.
 46792 | Elf:3    | Reached skill level 10 in Shields
 46931 | Elf:3    | Found Pubymein's Antique Armour Shop.
 47059 | Elf:3    | Acquired 815 gold pieces
 47061 | Elf:3    | Acquired a +1 hat of see invisible
 47247 | Elf:3    | Noticed Nikola
 47257 | Elf:3    | Killed Nikola
 47484 | Elf:3    | Identified the +1 long sword of Impermanence {heavy, Str-4
                  | Int+3 Dex+6 SInv}
 47484 | Elf:3    | Identified the ring "Onlestit" {rPois Dex+2}
 47486 | Elf:3    | Identified the +1 ring mail of Tenacity {rN+}
 47669 | Elf:3    | Upgraded the game from 0.31-a0-145-g046c7d2549 to
                  | 0.31-a0-149-g3fdcc5976a
 47919 | Elf:3    | Offered knowledge of Fire Storm by Vehumet.
 47919 | Elf:3    | Offered knowledge of Shatter by Vehumet.
 47919 | Elf:3    | Offered knowledge of Chain Lightning by Vehumet.
 48165 | Elf:3    | Paralysed by an air elemental for 1 turns
 48444 | Elf:3    | Identified the +9 broad axe "Dyiridgh" {venom, Will+ SInv}
 48802 | Elf:3    | Reached skill level 18 in Earth Magic
 48817 | Elf:3    | Found Quamyin's General Store.
 48910 | Elf:3    | Got the Secrets of Green Company
 48912 | Elf:3    | Got Sudaeff's Atlas of Grisly Composition
 48938 | Elf:3    | Got Xora's Folio of the Entranced Legion
 48943 | Elf:3    | Identified the +7 sling "Yhonites" {drain, Str+2}
 48947 | Elf:3    | Identified the staff of earth "Mojato" {rC+}
 49173 | Elf:3    | Found Pubymein's Antique Armour Shop.
 49628 | Elf:3    | Found Ehouhi's Armour Shoppe.
 49631 | Elf:3    | Found Vitalal's Weapon Shoppe.
 49631 | Elf:3    | Found Goteph's Distillery.
 49682 | Elf:3    | Found Nunle's Antique Armour Emporium.
 49896 | Elf:3    | Found Quamyin's General Store.
 50162 | Orc:2    | Bought a potion of brilliance for 48 gold pieces
 50162 | Orc:2    | Bought a potion of heal wounds for 60 gold pieces
 50162 | Orc:2    | Bought a potion of haste for 120 gold pieces
 50162 | Orc:2    | Bought a potion of invisibility for 96 gold pieces
 50411 | Snake:2  | Bought 2 potions of magic for 224 gold pieces
 50411 | Snake:2  | Bought a potion of heal wounds for 70 gold pieces
 50411 | Snake:2  | Bought a potion of cancellation for 112 gold pieces
 50460 | Snake:1  | Bought the ring of Gaaxiax {Fire +Blink rCorr Stlth+} for
                  | 663 gold pieces
 50637 | Vaults:1 | Entered Level 1 of the Vaults
 51010 | Vaults:1 | Identified the +1 lajatang "Ruzyun" {freeze, Str+3}
 51267 | Vaults:1 | Reached XP level 21. HP: 151/151 MP: 13/39
 51508 | Vaults:1 | Reached skill level 19 in Earth Magic
 51652 | Vaults:1 | Learned a level 9 spell: Shatter
 51807 | Vaults:1 | Identified the -2 helmet "Usimooch" {Regen+}
 52026 | Vaults:1 | Identified the +0 great sword of Corruption {flame, *Noise
                  | Int+3 Dex+3}
 52206 | Vaults:2 | Found a crumbling gateway.
 52281 | Vaults:2 | Reached skill level 20 in Earth Magic
 52336 | Desolati | Entered the Desolation of Salt
 52460 | Desolati | Identified the +5 ring mail of Gyezifre {Str+2 Dex+3}
 52467 | Desolati | Identified the +1 short sword of the Many Geomancers
                  | {drain, rCorr}
 52877 | Desolati | Reached skill level 21 in Earth Magic
 52928 | Desolati | Got Hulerr's Secrets of Vile Variation
 52931 | Desolati | Got the Monograph on the Icicle
 53219 | Desolati | Identified the amulet "Tayrotiq" {Acrobat rElec rC+ Will+
                  | Dex+2 Stlth+}
 53913 | Vaults:2 | Identified the staff of air "Dikhloawn" {Drain rElec MP+9
                  | Int+3 Dex+3}
 53981 | Vaults:2 | Identified the staff of cold "Lompui" {rF+ rC+ Will+ Dex+3}
 54392 | Vaults:3 | Reached XP level 22. HP: 144/157 MP: 22/40
 54531 | Vaults:3 | Reached skill level 22 in Earth Magic
 54711 | Vaults:3 | Found a staircase to the Crypt.
 54911 | Vaults:3 | Identified the +0 halberd "Vydyirasu" {heavy, rF++ Int+2
                  | Dex+4}
 55380 | Vaults:3 | Found Naop's Assorted Antiques.
 55465 | Vaults:3 | Reached skill level 23 in Earth Magic
 56747 | Vaults:4 | Identified the staff of poison "Woet" {rPois Str+6}
 56779 | Vaults:4 | Found Imump's Jewellery Boutique.
 56787 | Vaults:4 | Bought the ring of Uchyegh {rElec rPois Str-5 Int+6 SInv}
                  | for 1005 gold pieces
 57452 | Crypt:1  | Entered Level 1 of the Crypt
 57574 | Crypt:1  | Noticed Frederick
 57578 | Crypt:1  | Killed Frederick
 57783 | Crypt:1  | Noticed Boris
 57790 | Crypt:1  | Killed Boris
 57791 | Crypt:1  | Reached skill level 24 in Earth Magic
 57899 | Crypt:1  | Noticed Donald
 57901 | Crypt:1  | Killed Donald
 58978 | Crypt:2  | Reached XP level 23. HP: 155/159 MP: 34/41
 59336 | Crypt:2  | Found a transporter.
 59338 | Crypt:2  | Identified the +9 sling "Wurhuz" {freeze, rF+ Dex+4 Stlth+}
 59362 | Crypt:2  | Noticed Bai Suzhen
 59373 | Crypt:2  | Killed Bai Suzhen
 59641 | Crypt:2  | Got the Commentary on Allies and Kindling
 59642 | Crypt:2  | Identified the +2 pair of boots of Defence {rN+ Int+2
                  | Dex-4}
 59758 | Crypt:2  | Found a transporter.
 60463 | Crypt:3  | Entered Level 3 of the Crypt
 60531 | Crypt:3  | Noticed Boris
 60606 | Crypt:3  | Killed Boris
 61568 | Crypt:3  | Noticed a curse toe
 61572 | Crypt:3  | Killed a curse toe
 61572 | Crypt:3  | Noticed a curse toe
 61671 | Crypt:3  | Killed a curse toe
 62214 | Crypt:3  | Found an ancient bone altar of Kikubaaqudgha.
 62216 | Crypt:3  | Found a basalt altar of Yredelemnul.
 62253 | Crypt:3  | Identified the +2 flail "Ilyo" {protect, rPois}
 62429 | Crypt:3  | Found a staircase to the Tomb.
 62482 | Crypt:3  | Found the sphere of Battle
 62989 | Crypt:3  | Identified the ring "Qeshrifi" {rCorr EV+5 Int+4 Dex-3}
 63230 | D:15     | Entered Level 15 of the Dungeon
 63377 | D:15     | Reached XP level 24. HP: 182/182 MP: 20/41
 63433 | D:15     | Identified the +4 rapier "Spiderbane" {flame, Dex+3}
 63434 | D:15     | Reached skill level 10 in Stealth
 63926 | D:15     | Found a blossoming altar of Fedhas.
 63928 | D:15     | Found a basalt altar of Yredelemnul.
 63935 | D:15     | Found a stormy altar of Qazlal.
 64205 | D:15     | Found a staircase to the Depths.
 64573 | Depths:1 | Entered Level 1 of the Depths
 64624 | Depths:1 | Found a stormy altar of Qazlal.
 64631 | Depths:1 | Found a one-way gateway to a ziggurat.
 64634 | Depths:1 | Reached skill level 10 in Dodging
 64791 | Depths:1 | Noticed Mara
 64793 | Depths:1 | Killed Mara
 64997 | Depths:1 | Found an ornate altar of the Wu Jian Council.
 65097 | Depths:1 | Learned a level 5 spell: Borgnjor's Vile Clutch
 65380 | Depths:1 | Found a one-way gate to the infinite horrors of the Abyss.
 65398 | Depths:1 | Found a gateway to Hell.
 65708 | Depths:2 | Reached skill level 10 in Unarmed Combat
 66990 | Depths:2 | Found a one-way gate leading to the halls of Pandemonium.
 67112 | Depths:2 | Identified the +8 mace "Nexozxis" {drain, rPois Will+}
 67182 | Depths:2 | Reached XP level 25. HP: 189/189 MP: 29/41
 68311 | Depths:3 | Got the Collected Works on Impulse
 68434 | Depths:3 | Found Dilokitu's Jewellery Shop.
 69180 | Depths:4 | Entered Level 4 of the Depths
 69406 | Depths:4 | Reached skill level 10 in Evocations
 70221 | Depths:4 | Found a gate to the Realm of Zot.
 70501 | Depths:4 | Noticed a juggernaut
 70504 | Depths:4 | Killed a juggernaut
 71323 | Vaults:5 | Entered Level 5 of the Vaults
 71325 | Vaults:5 | Noticed a dread lich
 71327 | Vaults:5 | Killed a dread lich
 71329 | Vaults:5 | Noticed an ancient lich
 71524 | Vaults:5 | Reached skill level 15 in Shields
 71630 | Vaults:5 | Reached XP level 26. HP: 196/196 MP: 14/41
 71634 | Vaults:5 | Reached skill level 15 in Spellcasting
 71650 | Vaults:5 | Paralysed by a sphinx for 3 turns
 71974 | Vaults:5 | Noticed an ancient lich
 71983 | Vaults:5 | Killed an ancient lich
 72202 | Vaults:5 | Killed an ancient lich
 72206 | Vaults:5 | Identified the +8 spear "Octopus's Bane" {spect, Int+3}
 72386 | Vaults:4 | Learned a level 8 spell: Lehudib's Crystal Spear
 72483 | Vaults:5 | Noticed Xtahua
 72489 | Vaults:5 | Killed Xtahua
 72875 | Vaults:5 | Identified the staff of earth "Gaoridwu" {Will+ Str+4 Dex+3
                  | Stlth+}
 72878 | Vaults:5 | Got a silver rune of Zot
 72963 | Vaults:5 | Found Veigirif's General Store.
 72970 | Vaults:5 | Bought a scroll of fog for 56 gold pieces
 72970 | Vaults:5 | Bought a scroll of fear for 56 gold pieces
 73097 | Vaults:5 | Identified the staff of earth "Farhanem" {rPois rF+ Dex+2}
 73688 | Depths:3 | Bought a ring of protection from fire for 575 gold pieces
 73745 | Zot:1    | Entered Level 1 of the Realm of Zot
 74092 | Zot:2    | Reached skill level 15 in Unarmed Combat
 75435 | Zot:3    | Reached XP level 27. HP: 183/201 MP: 40/43
 75438 | Zot:3    | Found the +4 dragonskin cloak
 75438 | Zot:3    | Noticed Tiamat
 75444 | Zot:3    | Noticed an orb of fire
 75465 | Zot:3    | Killed an orb of fire
 75474 | Zot:3    | Killed Tiamat
 75976 | Zot:5    | Entered Level 5 of the Realm of Zot
 76270 | Zot:5    | Found a sacrificial altar of Ru.
 76314 | Zot:5    | Found a transporter.
 76331 | Zot:5    | Found a transporter.
 76333 | Zot:5    | Found a transporter.
 76337 | Zot:5    | Found a transporter.
 76843 | Zot:5    | Identified the +2 morningstar of Terror {flame, Fly Will+
                  | Dex+2}
 76880 | Zot:5    | Noticed an orb of fire
 76881 | Zot:5    | Gained mutation: You are clumsy. (Dex -2) [an orb of fire]
 76881 | Zot:5    | Gained mutation: Your magical capacity is low. (-10% MP)
                  | [an orb of fire]
 76885 | Zot:5    | Noticed an orb of fire
 76888 | Zot:5    | Gained mutation: You sometimes lose your temper in combat.
                  | [an orb of fire]
 76889 | Zot:5    | Killed an orb of fire
 76889 | Zot:5    | Gained mutation: You have an uncontrollable temper. [an orb
                  | of fire]
 76891 | Zot:5    | Killed an orb of fire
 76894 | Zot:5    | Lost mutation: Your magical capacity is low. (-10% MP)
                  | [potion of mutation]
 76894 | Zot:5    | Lost mutation: You have an uncontrollable temper. [potion
                  | of mutation]
 76894 | Zot:5    | Lost mutation: You sometimes lose your temper in combat.
                  | [potion of mutation]
 76894 | Zot:5    | Gained mutation: You are vulnerable to heat. (rF-) [potion
                  | of mutation]
 76894 | Zot:5    | Gained mutation: You occasionally lose the ability to drink
                  | potions when taking damage. [potion of mutation]
 76894 | Zot:5    | Lost mutation: You are vulnerable to heat. (rF-) [potion of
                  | mutation]
 76895 | Zot:5    | Lost mutation: You are clumsy. (Dex -2) [potion of
                  | mutation]
 76895 | Zot:5    | Lost mutation: You occasionally lose the ability to drink
                  | potions when taking damage. [potion of mutation]
 76895 | Zot:5    | Gained mutation: You expend magic power (3 MP) to
                  | strengthen your wands. [potion of mutation]
 76895 | Zot:5    | Gained mutation: You are clumsy. (Dex -2) [potion of
                  | mutation]
 77042 | Zot:5    | Noticed a dread lich
 77047 | Zot:5    | Killed a dread lich
 77052 | Zot:5    | Noticed an ancient lich
 77057 | Zot:5    | Killed an ancient lich
 77094 | Zot:5    | Got the Orb of Zot
 77185 | Zot:2    | Noticed Ottyec the pandemonium lord
 77227 | Depths:3 | Noticed a seraph
 77636 | D:$      | Escaped with the Orb!

Illustrated notes

Levels and vault maps discovered:
D:1:      giann_wishing_wells, layout_basic
D:2:      layout_loops_corners, basic_altar,
          shapermc_ecumenical_altar_notcrosses
D:3:      layout_loops_corners, uniq_natasha, uniq_crazy_yiuf_cottage
D:4:      layout_cave_pods, uniq_eustachio
D:5:      layout_basic
D:6:      layout_rooms, mainiacjoe_overflow_big_doors, serial_park_tiny_pond,
          minivault_5
D:7:      layout_basic, minmay_temple_entry_junction
D:8:      layout_loops_ring, serial_shops, shop, kennysheep_cross_room,
          uniq_gastronok
D:9:      layout_grid_maze, zin_angel, enter_bailey_2
D:10:     layout_basic, mainiacjoe_overflow_cross_hatched, serial_shops,
          nicolae_shop_hallway_plus, st_stairs_2
D:11:     layout_long_grid, dpeg_oklobed_lair, serial_shops,
          nicolae_shop_peninsula, uniq_maurice, uniq_grum, uniq_psyche
D:12:     layout_loops_cross, orc_0_dummy, maelrawn_ghost_gauntlet_escape
D:13:     layout_basic, minivault_15
D:14:     minmay_stone_box, layout_cave_pools,
          hangedman_vaults_entry_quadrant_bands, dreamdust_princess_bridge
D:15:     hangedman_slaughterboxes
Lair:1:   layout_chaotic_city, infiniplex_staircase_pool_2, lemuel_fruit_tree
Lair:2:   layout_misc_corridors, elwin_shoals_entry_rocks,
          minmay_snake_entry_guardpost_medium, grunt_megastairs_5
Lair:3:   layout_cellular_growth, gauntlet_entry_generic,
          ebering_ghost_funeral_grove, serial_bayou_shore_a,
          infiniplex_staircase_pool, uniq_amaemon
Lair:4:   layout_roguey, grunt_megastairs_1
Lair:5:   gammafunk_lair_ancient_temple, layout_cave_pods,
          nicolae_slime_entry_field_trip, dreamdust_gnoll_shepherd
Shoals:1: layout_shoals, nicolae_shoals_drake_roost
Shoals:2: argonaut_golden_fleece, layout_shoals, serial_shops,
          nicolae_diamond_shop, lemuel_oklob_altar
Shoals:3: layout_shoals, serial_shops, nicolae_shop_tiny_real_fake_doors,
          uniq_polyphemus, uniq_ilsuiw
Shoals:4: shoals_end_grunt_garden, layout_shoals
Snake:1:  layout_concentric_octagons, serial_shops, shop, shop,
          nicolae_shop_hallway_stairs, shop, uniq_louise, uniq_aizul
Snake:2:  layout_grid_shapes, minmay_shop_star
Snake:3:  layout_rooms, drop_trap, nicolae_fountain_basement, uniq_kirke,
          uniq_vashnia
Snake:4:  grunt_snake_rune_serpentine_throne, layout_concentric_octagons,
          serial_shops, shop, drop_trap, nrook_guardian_serpent_ordinary
Orc:1:    layout_caves, uniq_erica
Orc:2:    hellmonk_orc_salted, layout_caves
Elf:1:    eino_elf_arrival_sip, layout_onion_city,
          portal_ice_cave_entry_pillars_three, serial_shops, shop,
          nicolae_trove_entry_path_of_doom, hangedman_corner_corridor
Elf:2:    elven_hall_of_blades_hangedman_original
          [nicolae_blade_entry_sentries_behind_glass], layout_rooms,
          serial_shops, nicolae_shop_advertising_works
          [nicolae_subvault_shop_adworks]
Elf:3:    minmay_elf_hall_quartered_circle, layout_loops_corners,
          mu_enter_wizlab_1, serial_shops, shop, nicolae_shop_stone,
          kilobyte_rumbling_trees, minmay_shoptagon, uniq_nikola
Vaults:1: nicolae_vaults_security_offices_3, nicolae_vaults_more_shelving_2,
          v_misc_3, nicolae_vaults_ellipses_ellipsis, vaults_room_ringed_pool,
          nicolae_vaults_diamond_2, v_pattern_4, nicolae_vaults_circle_grid_b,
          hangedman_vaults_trim, hangedman_vaults_locks,
          nicolae_vaults_tetromino_Z_1, layout_vaults_ring
Vaults:2: portal_desolation_entry_nicolae_nacl, v_misc_13,
          nicolae_vaults_turnstiles, nicolae_vaults_museum,
          nicolae_vaults_closet_pinwheel_1, nicolae_vaults_steering_wheel,
          v_misc_25, v_misc_28, vaults_room_corners, hangedman_vaults_trim,
          nicolae_vaults_little_ls, grunt_vaults_focal,
          nicolae_vaults_trapezoid_1, layout_vaults_omnibox
Vaults:3: nicolae_vaults_trapezoid_lopsided_2,
          hangedman_vaults_hard_town_square, nicolae_vaults_stairing_the_circle,
          nicolae_vaults_weapon_check, minmay_crypt_entry_simple_walls,
          v_misc_3, v_misc_15, nicolae_vaults_wrenched, nicolae_vaults_two_Ls,
          layout_vaults_quadrants, serial_shops, shop
Vaults:4: v_alt_pattern_4, nicolae_vaults_an_arrangement,
          nicolae_vaults_storage_closets_1, vaults_dpeg_hooks,
          nicolae_vaults_trapezoid_layered, nicolae_vaults_double_plus_1,
          layout_vaults_big_room, serial_shops, shop
Vaults:5: serial_shops, uniq_xtahua
Crypt:1:  layout_basic, grunt_crypt_arrival_split, uniq_frederick, uniq_boris,
          uniq_donald
Crypt:2:  gammafunk_sealed_arena, layout_catacombs, minmay_strange_pillars,
          grunt_megastairs_4, uniq_bai_suzhen, uniq_grunn
Crypt:3:  lightli_unholy_cathedral, layout_chaotic_city,
          nicolae_tomb_entry_rubble_hallway, small_chamber_with_monster
Depths:1: layout_gridville, enter_ziggurat_a, hellmouth_3, abyss_entry,
          grunt_qazlal_clouds, pdpol_wu_jian_five_deadly_venoms, uniq_mara
Depths:2: minmay_the_grid_plus_closed [minmay_the_grid_tree,
          minmay_the_grid_stretched_grid, minmay_the_grid_square_x,
          minmay_the_grid_artifice, minmay_the_grid_prize_diamond_cup],
          layout_honeycomb, rand_demon_pan_entry_8, hangedman_abyss_entry_splay,
          minmay_misc_feat_encased, pf_coc_iceberg, minmay_staircase_statues
Depths:3: wad_cavern_with_rooms, layout_basic, minmay_misc_feat_columns,
          pf_dread_powers_of_hell, serial_shops, nicolae_shop_back_alley_shop,
          abyss_entry, minmay_staircase_bubble
Depths:4: grunt_zot_entry_funnels, layout_gridlike, rand_demon_pan_entry_4,
          pf_hell_entry_tar_river
Zot:1:    kennysheep_oblong_rooms, layout_gridlike, lemuel_golem_globe
Zot:2:    layout_concentric_octagons
Zot:3:    layout_misc_corridors, hangedman_elemental_corridor, uniq_tiamat
Zot:4:    kennysheep_bubbly, layout_gridlike, gammafunk_ghost_grave
Zot:5:    layout_misc_corridors, basic_altar, nicolae_transporter_circle

Skill      XL: |  1  2  3  4  5  6  7  8  9 10 11 12 13 14 15 16 17 18 19 20 21 22 23 24 25 26 27 |
---------------+----------------------------------------------------------------------------------+-----
Stealth        | 2 3 8 14 | 14.0
Fighting       | 2 6 10 13 15 19 20 | 20.0
Poison Magic   | 3 4 5 8 |  8.1
Shields        | 1 4 8 12 15 | 15.0
Conjurations   | 1 3 5 6 9 10 | 10.0
Fire Magic     | 1 3 4 10 | 10.0
Translocations | 4 6 |  6.0
Spellcasting   | 4 7 8 9 12 14 16 | 16.5
Earth Magic    | 3 10 11 13 17 18 21 24 | 24.0
Air Magic      | 3 |  3.0
Evocations     | 4 6 12 | 12.0
Dodging        | 4 8 12 | 12.0
Transmutations | 5 8 |  8.0
Unarmed Combat | 8 11 12 18 23 | 23.1

Action                     |  1- 3 |  4- 6 |  7- 9 | 10-12 | 13-15 | 16-18 | 19-21 | 22-24 | 25-27 || total
---------------------------+-------+-------+-------+-------+-------+-------+-------+-------+-------++-------
  Melee: Unarmed           |    70 |    79 |    51 |    17 |       |   336 |   572 |   438 |   234 ||  1797
         Constrict         |    18 |     6 |       |     7 |    10 |    48 |   111 |    60 |    25 ||   285
         Kick              |    13 |     5 |       |       |       |       |       |       |       ||    18
         Tentacles         |    12 |     6 |     1 |     4 |    16 |   142 |   262 |   221 |   117 ||   781
         Punch             |     2 |       |       |     3 |     1 |    23 |    57 |    59 |    48 ||   193
         Staff             |       |       |       |       |    36 |    24 |    10 |    29 |    23 ||   122
  Throw: Dart              |       |     2 |       |       |       |       |       |       |       ||     2
         Boomerang         |       |       |     1 |       |       |       |       |       |       ||     1
   Cast: Beastly Appendage |    22 |     7 |       |       |       |     1 |       |       |       ||    30
         Spider Form       |     2 |    10 |     7 |       |       |       |       |       |       ||    19
         Foxfire           |       |    23 |   180 |   225 |    62 |    46 |     2 |       |       ||   538
         Iskenderun's Myst |       |       |    16 |   118 |    85 |     3 |     3 |       |       ||   225
         Wereblood         |       |       |     1 |       |       |       |       |       |       ||     1
         Poisonous Vapours |       |       |       |   168 |    68 |       |       |       |       ||   236
         Sticky Flame      |       |       |       |    28 |    28 |     1 |       |       |       ||    57
         Starburst         |       |       |       |     8 |   143 |   231 |    98 |     3 |     2 ||   485
         Leda's Unmaking   |       |       |       |       |   204 |    41 |    36 |    16 |    59 ||   356
         Lee's Rapid Decon |       |       |       |       |    12 |    30 |   158 |     2 |    19 ||   221
         Statue Form       |       |       |       |       |       |    63 |    83 |    64 |    40 ||   250
         Irradiate         |       |       |       |       |       |    35 |    23 |    16 |    15 ||    89
         Shatter           |       |       |       |       |       |       |     7 |   251 |   197 ||   455
         Borgnjor's Vile C |       |       |       |       |       |       |       |     7 |    71 ||    78
         Lehudib's Crystal |       |       |       |       |       |       |       |       |     6 ||     6
Ability: End Transformatio |       |     5 |     1 |       |       |     4 |     6 |       |       ||    16
  Evoke: Wand              |       |       |     4 |    14 |     3 |     2 |     3 |     5 |     2 ||    33
         Phial of floods   |       |       |       |       |     1 |       |     1 |       |       ||     2
         Condenser vane    |       |       |       |       |       |     1 |       |     1 |       ||     2
         Phantom mirror    |       |       |       |       |       |       |       |       |     1 ||     1
    Use: Scroll            |       |     7 |     6 |     7 |     8 |     8 |    13 |     2 |    11 ||    62
         Potion            |       |     3 |     3 |     5 |     4 |     2 |     1 |       |    23 ||    41
   Stab: Sleeping          |     6 |     7 |       |       |       |     4 |     8 |       |       ||    25
         Distracted        |       |       |       |       |       |     1 |     4 |     4 |       ||     9
 Armour: Skin              |     4 |     2 |    20 |    15 |    16 |   208 |   269 |   223 |   193 ||   950
  Dodge: Dodged            |    35 |    48 |    63 |    97 |   181 |   735 |   677 |   450 |   419 ||  2705
  Block: Buckler           |       |       |    14 |    37 |   132 |   437 |    38 |       |       ||   658
         Reflection        |       |       |       |       |    26 |    95 |    75 |    64 |    16 ||   276
         Kite shield       |       |       |       |       |       |       |   946 |   826 |   557 ||  2329

Table legend: (Time is in decaauts)
 A = Elapsed time spent in this place.
 B = Non-inter-level travel time spent in this place.
 C = Inter-level travel time spent in this place.
 D = Time resting spent in this place.
 E = Time spent auto-exploring this place.
 F = Levels seen in this place.
 G = Mean time per level.
                   A        B        C        D        E       F      G
               +--------+--------+--------+--------+--------+-----+--------+
         Total |  84422 |  78587 |   5835 |  16272 |  41015 |  54 | 1563.4 |
       Dungeon |  20738 |  18964 |   1774 |   3206 |  10260 |  15 | 1382.5 |
          Lair |   7320 |   6433 |    887 |   1419 |   2178 |   5 | 1464.0 |
        Shoals |   8569 |   8147 |    422 |   3186 |   2490 |   4 | 2142.2 |
     Snake Pit |   5112 |   4540 |    572 |    548 |   2175 |   4 | 1278.0 |
  Orcish Mines |   3275 |   2988 |    287 |    497 |   1972 |   2 | 1637.5 |
   Elven Halls |   8071 |   7531 |    540 |   1202 |   4818 |   3 | 2690.3 |
        Vaults |   9762 |   9179 |    583 |   1506 |   5527 |   5 | 1952.4 |
         Crypt |   6222 |   6007 |    215 |   1645 |   3422 |   3 | 2074.0 |
        Depths |   7551 |   7170 |    381 |   1653 |   4375 |   4 | 1887.8 |
           Zot |   3760 |   3588 |    172 |    415 |   2220 |   5 |  752.0 |
      Ice Cave |   1215 |   1215 |      0 |    334 |    439 |   1 | 1215.0 |
        Wizlab |   1181 |   1181 |      0 |    292 |    429 |   1 | 1181.0 |
    Desolation |   1399 |   1399 |      0 |    337 |    573 |   1 | 1399.0 |
      Gauntlet |    242 |    242 |      0 |     28 |    134 |   1 |  242.0 |
               +--------+--------+--------+--------+--------+-----+--------+

Top non-repeatable levels by time:
   Elf:3: 3605 daAuts
Shoals:3: 3153 daAuts
 Crypt:2: 2873 daAuts
Vaults:3: 2468 daAuts
   Orc:2: 2400 daAuts
   Elf:1: 2311 daAuts
   Elf:2: 2154 daAuts
Depths:2: 2104 daAuts
Shoals:2: 2045 daAuts
Vaults:4: 1997 daAuts
Depths:1: 1995 daAuts
 Crypt:1: 1855 daAuts
 Snake:4: 1847 daAuts
Depths:3: 1840 daAuts
Vaults:5: 1839 daAuts
